 Dungeon Sprint DCSS version 0.30-a0-953-g5f1da4a474 (webtiles) character file.

Game seed: 2308049234369496372

145424 testman the Wrestler (level 15, -4/185 HPs)
             Began as a Troll Monk on Mar 28, 2023.
             Was the Champion of Jiyva.
             Killed from afar by a nagaraja (14 damage)
             ... with a bolt of poison
             ... in the Dungeon (Sprint IX: "|||||||||||||||||||||||||||||").
             The game lasted 00:48:42 (3285 turns).

testman the Wrestler (Troll Monk)                   Turns: 3285, Time: 00:48:45

Health: -4/185     AC: 21    Str: 33    XL:     15   Next: 80%
Magic:  14/14      EV: 14    Int:  5    God:    Jiyva [******]
Gold:   1550       SH:  0    Dex: 11    Spells: 14/14 levels left

rFire   x . .      SeeInvis .      - Unarmed
rCold   + + .      Faith    .    (no shield)
rNeg    . . .      Spirit   .    e - +1 ice dragon scales
rPois   .          Reflect  .    (helmet restricted)
rElec   .          Rampage  .    s - +1 cloak
rCorr   +          NoTele   +    (gloves unavailable)
Will    +....                    (boots unavailable)
Stlth   +                        (no amulet)
HPRegen 2.90/turn                l - +2 ring of protection
MPRegen 0.64/turn                m - +2 ring of protection

@: lethally poisoned (-4 -> -15)
A: large, unfitting armour, claws 3, regeneration 1, shaggy fur 1, tough skin 1,
iridescent scales 1, sense surroundings 1, strong 1, pseudopods 2, translucent
skin 3, jelly absorbing missiles
}: 3/17 runes: decaying, barnacled, gossamer
a: Renounce Religion, Oozemancy, Slimify


You were in the Dungeon.
You worshipped Jiyva.
Jiyva was exalted by your worship.
You visited 1 branch You collected 1940 gold pieces.
You spent 390 gold pieces at shops.

Inventory:

Missiles
 b - 11 large rocks
 r - 7 javelins (quivered)
 w - 3 throwing nets
Armour
 a - a +0 robe
 d - a +0 tower shield
 e - +1 ice dragon scales (worn)
 s - a +1 cloak (worn)
Jewellery
 g - a ring of flight
 l - a +2 ring of protection (left claw)
 m - a +2 ring of protection (right claw)
Wands
 k - a wand of roots (3)
Scrolls
 j - 2 scrolls of amnesia
 p - 4 scrolls of enchant weapon
Potions
 c - a potion of curing
 f - 4 potions of magic
 o - a potion of flight {unknown}
 u - a potion of lignification
 v - a potion of brilliance


   Skills:
 + Level 20.9 Fighting
 + Level 16.5 Throwing
 + Level 13.4 Armour
 + Level 17.6 Dodging
 - Level 1.0 Stealth
 + Level 7.6 Shields
 + Level 24.3 Unarmed Combat
 + Level 10.0 Evocations


You had 14 spell levels left.
You didn't know any spells.
Your spell library was empty.

Dungeon Overview and Level Annotations

Branches:
Dungeon (1/1)

Altars:
Cheibriados
Dithmenos
Elyvilon
Fedhas
Gozag
Hepliaklqana
Kikubaaqudgha
Makhleb
Nemelex Xobeh
Okawaru
Qazlal
Ru
Sif Muna
Trog
Uskayaw
Vehumet
Wu Jian
Xom
Yredelemnul
Zin
The Shining One
Jiyva
Lugonu

Shops:
D **[[


Innate Abilities, Weirdness & Mutations

You are too large for most types of armour.
You have claws for hands.
Your natural rate of healing is unusually fast.
You are covered in fur. (AC +1)
You have tough skin. (AC +1)
You are partially covered in iridescent scales. (AC +2)
You passively map a small area around you.
Your muscles are strong. (Str +4, Int/Dex -1)
Armour fits poorly on your large pseudopods.
Your transparent skin significantly reduces your foes' accuracy. (Stealth+)
You have a small jelly attached to you that may absorb projectiles.


Message History

You throw a javelin.
The javelin pierces through the nagaraja!!!
The nagaraja is almost dead.
The javelin pierces through the naga warrior but does no damage.
The naga warrior is heavily wounded.
The javelin pierces through the naga warrior!!
The naga warrior is almost dead.
The javelin pierces through the nagaraja!
The nagaraja is lightly wounded.
You feel sick.
The nagaraja gestures at you while chanting.
The poison arrow hits you!!
You are more poisoned.
You feel extremely sick.
You feel very sick.
The naga warrior roars a battlecry!
The naga warrior goes into a battle-frenzy!
The nagaraja casts a spell at you.
You barely resist.
You feel very sick.
The nagaraja points at you and mumbles some strange words.
The poison arrow hits you!!
You are more poisoned.
* * * LOW HITPOINT WARNING * * *
The nagaraja spits poison at you.
The splash of poison hits you but does no damage.
You are more poisoned.
You feel better.
The nagaraja gestures at you while chanting.
The poison arrow hits you!!
You are poisoned.
* * * LOW HITPOINT WARNING * * *
You feel very sick.
You feel very sick. The nagaraja spits poison at you.
The splash of poison misses you.
The nagaraja gestures at you while chanting.
The bolt of poison hits you!
You are lethally poisoned!
You die...

*,* *
,▓.▓.▓.▓.▓)▓.♣†♣.▓.
, ,*, ,*,
▓†▓)▓.▓.▓)▓.♣.♣)▓. ,
* , ,*
▓†▓.▓.▓.▓)▓.♣[♣.▓.
,*, ,
▓.▓.▓.▓.▓)▓.♣†♣.▓†
,* *
▓.▓.▓.▓.▓[▓.♣.♣.▓. ,
▓.▓.▓.▓.▓)▓.♣.♣.▓. *
, ,*
▓†▓.▓.▓.▓)▓.♣.♣.▓) *
*, ,
▓.▓.▓.▓.▓)▓.♣.♣.▓[ *
* *
,▓@▓.▓.▓.▓.▓.♣.♣÷▓)
* , ,
,▓.▓.▓.▓.▓.▓.▓)▓†▓)
, ▓.▓)▓.▓.▓)▓.▓)▓.▓.
* *
▓.▓.▓J▓.▓.▓.▓)▓.▓. ,
*,*
,▓.▓.▓.▓.▓.▓.▓.▓.▓.
*, *, *
,▓N▓.▓.▓.▓)▓.▓)▓÷▓.
, , *,
*,▓N▓.▓.▓.▓.▓.▓.▓.▓.
* * ,
,▓N▓.▓.▓.▓.▓.▓.▓p▓.
,*
▓†▓.▓.▓.▓.▓.▓.▓p▓.


You could see a nagaraja (fast, strong, catching breath) and 2 naga warriors.

Vanquished Creatures
  Mennas (D)
  Mara (D)
  Boris (D)
  Nikola (D)
  Frances (D)
  2 tengu reavers (D)
  Kirke (D)
  A nagaraja (D)
  Ilsuiw (D)
  2 ghost moths (D)
  2 emperor scorpions (D)
  Louise (D)
  A frost giant (D)
  A vault warden (D)
  3 stone giants (D)
  2 broodmothers (D)
  2 ironbound preservers (D)
  5 very ugly things (D)
  2 ironbound thunderhulks (D)
  2 vampire knights (D)
  An eleionoma (D)
  A spark wasp (D)
  Azrael (D)
  A bunyip (D)
  An ettin (D)
  Snorg (D)
  A dire elephant (D)
  2 merfolk javelineers (D)
  Josephine (D)
  An entropy weaver (D)
  6 merfolk impalers (D)
  2 ice dragons (D)
  A yaktaur captain (D)
  Harold (D)
  2 rakshasas (D)
  10 hydras (D)
  2 centaur warriors (D)
  A merfolk avatar (D)
  A salamander tyrant (D)
  2 ironbound frosthearts (D)
  A spriggan air mage (D)
  A two-headed ogre (D)
  3 merfolk aquamancers (D)
  3 boulder beetles (D)
  3 alligators (D)
  2 tengu warriors (D)
  3 deep troll earth magi (D)
  An orc high priest (D)
  Urug (D)
  A hell knight (D)
  2 ironbound convokers (D)
  2 naga ritualists (D)
  4 wizards (D)
  7 swamp dragons (D)
  2 steelbarb worms (D)
  A bog body (D)
  6 orc knights (D)
  A harpy (D)
  2 ugly things (D)
  A deep elf pyromancer (D)
  4 orc sorcerers (D)
  A will-o-the-wisp (D)
  2 manticores (D)
  5 black mambas (D)
  2 guardian serpents (D)
  5 demonic crawlers (D)
  2 vault sentinels (D)
  A water nymph (D)
  3 cane toads (D)
  A rime drake (D)
  2 komodo dragons (D)
  A yaktaur (D)
  A tengu conjurer (D)
  2 trolls (D)
  A meliai (D)
  4 merfolk (D)
  A blink frog (D)
  4 jumping spiders (D)
  A water elemental (D)
  A wyvern (D)
  6 yaks (D)
  Eustachio (D)
  5 wraiths (D)
  A vampire (D)
  3 fire elementals (D)
  2 hogs (D)
  Grum (D)
  2 redbacks (D)
  2 wargs (D)
  2 nagas (D)
  2 hell hounds (D)
  A water moccasin (D)
  10 orc warriors (D)
  9 wolves (D)
  2 centaurs (D)
  5 orc priests (D)
  An iguana (D)
  3 orc wizards (D)
  11 orcs (D)
  A giant cockroach (D)
  3 hobgoblins (D)
  A quokka (D)
  A kobold (D)
238 creatures vanquished.

Vanquished Creatures (collateral kills)
  An ironbound thunderhulk (D)
  A fire dragon (D)
2 creatures vanquished.

Vanquished Creatures (others)
  An acid blob (D)
  A glowing orange brain (D)
  A wolf spider (shapeshifter) (D)
  A shining eye (shapeshifter) (D)
  A faun (shapeshifter) (D)
  A black mamba (D)
  A vault sentinel (D)
  A dream sheep (shapeshifter) (D)
  A slime creature (D)
  A human (D)
  17 jellies (D)
  An orc (D)
28 creatures vanquished.

Grand Total: 268 creatures vanquished

Notes
Turn   | Place    | Note
-------+----------+-------------------------------------------
     0 | D        | testman the Troll Monk began the quest for the Orb.
     0 | D        | Reached XP level 1. HP: 22/22 MP: 0/0
     2 | D        | Banished a spatial maelstrom
    27 | D        | Noticed an iguana
    27 | D        | Noticed a centaur
    30 | D        | Reached skill level 4 in Unarmed Combat
    30 | D        | Reached XP level 2. HP: 31/31 MP: 1/1
    35 | D        | Reached skill level 5 in Unarmed Combat
    35 | D        | Reached XP level 3. HP: 40/40 MP: 2/2
    50 | D        | Killed a centaur
    51 | D        | Reached skill level 7 in Unarmed Combat
    51 | D        | Reached XP level 4. HP: 29/52 MP: 3/3
    55 | D        | Found a snail-covered altar of Cheibriados.
    55 | D        | Found a shadowy altar of Dithmenos.
    55 | D        | Found a white marble altar of Elyvilon.
    55 | D        | Found a blossoming altar of Fedhas.
    55 | D        | Found an opulent altar of Gozag.
    56 | D        | Found a hazy altar of Hepliaklqana.
    57 | D        | Found a viscous altar of Jiyva.
    58 | D        | Found an ancient bone altar of Kikubaaqudgha.
    59 | D        | Found a corrupted altar of Lugonu.
    60 | D        | Found a burning altar of Makhleb.
    61 | D        | Found a sparkling altar of Nemelex Xobeh.
    62 | D        | Found an iron altar of Okawaru.
    63 | D        | Found a stormy altar of Qazlal.
    64 | D        | Found a sacrificial altar of Ru.
    65 | D        | Became a worshipper of Jiyva Jode the Shapeless
    65 | D        | Reached * piety under Jiyva
    65 | D        | Reached ** piety under Jiyva
    66 | D        | Found a shimmering blue altar of Sif Muna.
    67 | D        | Found a bloodstained altar of Trog.
    68 | D        | Found a hide-covered altar of Uskayaw.
    68 | D        | Killed a shining eye
    69 | D        | Found a radiant altar of Vehumet.
    70 | D        | Found an ornate altar of the Wu Jian Council.
    71 | D        | Found a shimmering altar of Xom.
    71 | D        | Killed a dream sheep
    72 | D        | Found a basalt altar of Yredelemnul.
    72 | D        | Killed a wolf spider
    73 | D        | Found a glowing silver altar of Zin.
    74 | D        | Found a glowing golden altar of the Shining One.
    74 | D        | Killed a slime creature
    78 | D        | Killed a vault sentinel
    85 | D        | Killed a faun
   100 | D        | Noticed a troll
   100 | D        | Noticed a yak
   100 | D        | Noticed a yak
   100 | D        | Noticed a centaur
   100 | D        | Noticed a two-headed ogre
   105 | D        | Killed a troll
   106 | D        | Reached skill level 9 in Unarmed Combat
   106 | D        | Reached XP level 5. HP: 25/65 MP: 4/4
   106 | D        | Reached XP level 6. HP: 29/74 MP: 5/5
   116 | D        | Killed a yak
   117 | D        | Reached skill level 10 in Unarmed Combat
   124 | D        | Killed a yak
   125 | D        | Reached skill level 11 in Unarmed Combat
   125 | D        | Reached XP level 7. HP: 56/84 MP: 6/6
   131 | D        | Killed a two-headed ogre
   132 | D        | Reached skill level 13 in Unarmed Combat
   132 | D        | Reached XP level 8. HP: 33/97 MP: 7/7
   176 | D        | Noticed a troll
   176 | D        | Noticed a boulder beetle
   176 | D        | Noticed a manticore
   189 | D        | Killed a troll
   190 | D        | Reached skill level 14 in Unarmed Combat
   197 | D        | Killed a boulder beetle
   198 | D        | Reached XP level 9. HP: 87/109 MP: 8/8
   201 | D        | Killed a manticore
   202 | D        | Reached skill level 15 in Unarmed Combat
   345 | D        | Noticed a black mamba
   345 | D        | Noticed a black mamba
   345 | D        | Noticed a cane toad
   345 | D        | Noticed a cane toad
   347 | D        | Killed a black mamba
   349 | D        | Noticed a komodo dragon
   353 | D        | Killed a black mamba
   354 | D        | Reached skill level 5 in Dodging
   364 | D        | Killed a cane toad
   365 | D        | Reached skill level 16 in Unarmed Combat
   365 | D        | Reached XP level 10. HP: 47/120 MP: 9/9
   365 | D        | Killed a cane toad
   422 | D        | Noticed a six-headed hydra
   422 | D        | Noticed a cane toad
   426 | D        | Killed a nine-headed hydra
   426 | D        | Noticed an eight-headed hydra
   430 | D        | Killed a cane toad
   435 | D        | Reached skill level 17 in Unarmed Combat
   499 | D        | Killed a 13-headed hydra
   583 | D        | Reached skill level 15 in Fighting
   588 | D        | Reached XP level 11. HP: 126/132 MP: 10/10
   614 | D        | Reached *** piety under Jiyva
   629 | D        | Gained mutation: You passively map a small area around you.
                  | [Jiyva's grace]
   629 | D        | Gained mutation: You passively map the area around you.
                  | [Jiyva's grace]
   629 | D        | Gained mutation: You passively map a large area around you.
                  | [Jiyva's grace]
   629 | D        | Gained mutation: You are covered in slimy tendrils that may
                  | disarm your opponents. [Jiyva's grace]
   637 | D        | Noticed Urug
   645 | D        | Killed Urug
   723 | D        | Noticed an orc knight
   743 | D        | Killed an orc knight
   744 | D        | Reached skill level 1 in Throwing
   744 | D        | Reached skill level 18 in Unarmed Combat
   787 | D        | Noticed an orc knight
   797 | D        | Killed an orc knight
   806 | D        | Noticed an orc sorcerer
   809 | D        | Noticed an orc knight
   815 | D        | Reached skill level 10 in Dodging
   817 | D        | Killed an orc sorcerer
   820 | D        | Killed an orc knight
   857 | D        | Found Veap's Assorted Antiques.
   857 | D        | Noticed an orc sorcerer
   857 | D        | Noticed an orc sorcerer
   862 | D        | Killed an orc sorcerer
   863 | D        | Noticed an orc high priest
   866 | D        | Killed an orc sorcerer
   868 | D        | Found Nifejue's General Store.
   871 | D        | Killed an orc high priest
   872 | D        | Reached skill level 5 in Throwing
   876 | D        | Found Ohexyqug's Armour Emporium.
   878 | D        | Noticed an orc sorcerer
   880 | D        | Found Qelyl's Armour Shoppe.
   880 | D        | Noticed an orc knight
   887 | D        | Killed an orc sorcerer
   890 | D        | Noticed an orc knight
   895 | D        | Killed an orc knight
   895 | D        | Noticed an orc knight
   901 | D        | Killed an orc knight
   902 | D        | Reached skill level 19 in Unarmed Combat
   906 | D        | Killed an orc knight
   944 | D        | Bought a +1 cloak for 161 gold pieces
   959 | D        | Bought a scroll of enchant armour for 105 gold pieces
   961 | D        | Bought a scroll labelled CEREYP XA HIM for 26 gold pieces
   961 | D        | Bought a sedimented blue potion for 23 gold pieces
   961 | D        | Bought a scroll of identify for 52 gold pieces
   961 | D        | Bought a white potion for 23 gold pieces
   984 | D        | Noticed Grum
   988 | D        | Noticed Josephine
   993 | D        | Killed Grum
  1000 | D        | Killed Josephine
  1001 | D        | Reached XP level 12. HP: 101/146 MP: 11/11
  1002 | D        | Reached **** piety under Jiyva
  1038 | D        | Noticed Eustachio
  1048 | D        | Killed Eustachio
  1050 | D        | Noticed Harold
  1059 | D        | Killed Harold
  1142 | D        | Noticed a boulder beetle
  1142 | D        | Noticed a tengu warrior
  1142 | D        | Noticed a centaur warrior
  1142 | D        | Noticed a centaur warrior
  1151 | D        | Killed a tengu warrior
  1152 | D        | Reached skill level 1 in Armour
  1152 | D        | Noticed a boulder beetle
  1154 | D        | Killed a centaur warrior
  1154 | D        | Noticed an ettin
  1157 | D        | Killed a boulder beetle
  1168 | D        | Noticed an ice dragon
  1169 | D        | Killed a centaur warrior
  1169 | D        | Noticed a spriggan air mage
  1174 | D        | Noticed a stone giant
  1236 | D        | Killed an ettin
  1269 | D        | Killed an ice dragon
  1270 | D        | Reached skill level 20 in Unarmed Combat
  1273 | D        | Killed a spriggan air mage
  1306 | D        | Killed a stone giant
  1310 | D        | Killed a boulder beetle
  1368 | D        | Noticed a cyan very ugly thing
  1369 | D        | Noticed an ice dragon
  1375 | D        | Killed a cyan very ugly thing
  1378 | D        | Killed an ice dragon
  1414 | D        | Reached ***** piety under Jiyva
  1441 | D        | Noticed Azrael
  1456 | D        | Killed Azrael
  1475 | D        | Reached skill level 10 in Throwing
  1476 | D        | Noticed Kirke
  1477 | D        | Reached skill level 5 in Armour
  1521 | D        | Killed Kirke
  1522 | D        | Reached XP level 13. HP: 156/157 MP: 12/12
  1590 | D        | Lost mutation: You are covered in slimy tendrils that may
                  | disarm your opponents. [Jiyva's grace]
  1590 | D        | Gained mutation: You have hidden genetic potential.
                  | [Jiyva's grace]
  1590 | D        | Gained mutation: You have great hidden genetic potential.
                  | [Jiyva's grace]
  1590 | D        | Gained mutation: Armour fits poorly on your pseudopods.
                  | [Jiyva's grace]
  1590 | D        | Gained mutation: Armour fits poorly on your large
                  | pseudopods. [Jiyva's grace]
  1602 | D        | Noticed a broodmother
  1602 | D        | Noticed a spark wasp
  1609 | D        | Noticed a broodmother
  1610 | D        | Killed a broodmother
  1633 | D        | Killed a spark wasp
  1735 | D        | Killed a broodmother
  1826 | D        | Reached skill level 21 in Unarmed Combat
  1829 | D        | HP: 2/158 [naga ritualist/Olgreb's Toxic Radiance (6)]
  1931 | D        | Noticed a bunyip
  1931 | D        | Noticed an eleionoma
  1946 | D        | Killed a bunyip
  1949 | D        | Killed an eleionoma
  1994 | D        | Noticed a merfolk impaler
  2002 | D        | Killed a merfolk impaler
  2003 | D        | Reached skill level 1 in Evocations
  2140 | D        | Noticed Frances
  2149 | D        | Killed Frances
  2184 | D        | Noticed a vampire knight
  2184 | D        | Noticed a tengu reaver
  2184 | D        | Noticed a white very ugly thing
  2191 | D        | Noticed a stone giant
  2193 | D        | Killed a vampire knight
  2194 | D        | Reached XP level 14. HP: 107/170 MP: 13/13
  2197 | D        | Killed a tengu reaver
  2198 | D        | Reached skill level 22 in Unarmed Combat
  2200 | D        | Gained mutation: Your muscles are strong. (Str +4, Int/Dex
                  | -1) [hidden potential]
  2201 | D        | Killed a white very ugly thing
  2203 | D        | Noticed a vampire knight
  2205 | D        | Killed a stone giant
  2210 | D        | Reached skill level 15 in Dodging
  2211 | D        | Noticed a stone giant
  2218 | D        | Killed a vampire knight
  2227 | D        | Killed a stone giant
  2325 | D        | Noticed a frost giant
  2326 | D        | Noticed a tengu reaver
  2332 | D        | Killed a frost giant
  2333 | D        | Reached skill level 10 in Armour
  2333 | D        | Reached skill level 5 in Evocations
  2335 | D        | Killed a tengu reaver
  2343 | D        | Noticed a red very ugly thing
  2343 | D        | Noticed an ironbound preserver
  2343 | D        | Noticed a purple very ugly thing
  2355 | D        | Killed an ironbound preserver
  2358 | D        | Killed a red very ugly thing
  2364 | D        | Noticed an ironbound preserver
  2367 | D        | Killed a purple very ugly thing
  2372 | D        | Noticed an ironbound thunderhulk
  2374 | D        | Killed an ironbound preserver
  2378 | D        | Noticed an ironbound thunderhulk
  2388 | D        | Noticed an ironbound thunderhulk
  2395 | D        | Killed an ironbound thunderhulk
  2504 | D        | Killed an ironbound thunderhulk
  2531 | D        | Killed an ironbound thunderhulk
  2561 | D        | Reached skill level 23 in Unarmed Combat
  2566 | D        | Noticed a purple very ugly thing
  2585 | D        | Killed a purple very ugly thing
  2606 | D        | Noticed a vault warden
  2617 | D        | Killed a vault warden
  2644 | D        | Noticed Mara
  2645 | D        | Noticed Louise
  2656 | D        | Killed Louise
  2659 | D        | Noticed testman's illusion
  2667 | D        | Killed Mara
  2707 | D        | Reached ****** piety under Jiyva
  2710 | D        | Noticed Boris
  2720 | D        | Killed Boris
  2721 | D        | Reached skill level 15 in Throwing
  2721 | D        | Reached skill level 1 in Shields
  2721 | D        | Reached XP level 15. HP: 173/183 MP: 14/14
  2833 | D        | Noticed Frederick
  2834 | D        | Noticed Mennas
  2838 | D        | Slimified Frederick
  2838 | D        | Frederick changed into Frederick the acid blob
  2838 | D        | Noticed Frederick
  2839 | D        | Killed Frederick the acid blob
  2869 | D        | Killed Mennas
  2889 | D        | Gained mutation: You are partially covered in iridescent
                  | scales. (AC +2) [hidden potential]
  2889 | D        | Lost mutation: You have great hidden genetic potential.
                  | [hidden potential expressed]
  2902 | D        | Noticed Snorg
  2912 | D        | Killed Snorg
  2915 | D        | Noticed Nikola
  2923 | D        | HP: 5/183 [Nikola/arc of chain lightning (90)]
  2924 | D        | Killed Nikola
  3008 | D        | Lost mutation: You passively map a large area around you.
                  | [Jiyva's grace]
  3008 | D        | Lost mutation: You passively map the area around you.
                  | [Jiyva's grace]
  3008 | D        | Lost mutation: You have hidden genetic potential. [Jiyva's
                  | grace]
  3008 | D        | Gained mutation: You have a small jelly attached to you
                  | that may absorb projectiles. [Jiyva's grace]
  3008 | D        | Gained mutation: Your translucent skin slightly reduces
                  | your foes' accuracy. (Stealth+) [Jiyva's grace]
  3008 | D        | Gained mutation: Your translucent skin reduces your foes'
                  | accuracy. (Stealth+) [Jiyva's grace]
  3008 | D        | Gained mutation: Your transparent skin significantly
                  | reduces your foes' accuracy. (Stealth+) [Jiyva's grace]
  3016 | D        | Noticed Ilsuiw
  3027 | D        | Killed Ilsuiw
  3060 | D        | Got a barnacled rune of Zot
  3065 | D        | Reached skill level 5 in Shields
  3134 | D        | Reached skill level 24 in Unarmed Combat
  3158 | D        | Got a decaying rune of Zot
  3219 | D        | Noticed an emperor scorpion
  3226 | D        | Killed an emperor scorpion
  3229 | D        | Noticed an emperor scorpion
  3241 | D        | Killed an emperor scorpion
  3251 | D        | Got a gossamer rune of Zot
  3267 | D        | Noticed a nagaraja
  3267 | D        | Noticed a nagaraja
  3275 | D        | Noticed a nagaraja
  3278 | D        | Killed a nagaraja
  3279 | D        | Reached skill level 10 in Evocations
  3285 | D        | Killed from afar by a nagaraja

Illustrated notes

Levels and vault maps discovered:
D:        linesprint [early_d, line_temple, items_1, d_10, items_2, lair_1,
          lair_end, items_3, orc_1, orc_end, items_4, d_15, swamp_1, shoals_1,
          snake_1, spider_1, d_20, vaults_1, items_5, swamp_end, shoals_end,
          snake_end, spider_end, vaults_end, d_27, items_6, zot_1, zot_end,
          crypt_end, forest_end, elf_end, slime_end, tomb_end, abyss_end,
          pan_hell_end]

Skill      XL: |  1  2  3  4  5  6  7  8  9 10 11 12 13 14 15 |
---------------+----------------------------------------------+-----
Fighting       | 3 4 6 8 9 11 12 13 15 16 17 18 20 | 20.9
Unarmed Combat | 4 5 7 9 11 13 14 16 17 19 20 21 23 24 | 24.3
Dodging        | 5 9 11 13 14 16 17 | 17.6
Throwing       | 6 10 12 15 16 | 16.5
Armour         | 5 8 11 13 | 13.4
Evocations     | 2 7 10 | 10.0
Shields        | 1 7 |  7.6
Stealth        | |  1.0

Action                     |  1- 3 |  4- 6 |  7- 9 | 10-12 | 13-15 || total
---------------------------+-------+-------+-------+-------+-------++-------
  Melee: Unarmed           |    38 |    21 |    52 |   272 |   421 ||   804
         Punch             |       |     2 |     5 |    24 |    63 ||    94
         Pseudopods        |       |       |       |       |    85 ||    85
  Throw: Javelin           |       |       |       |    11 |    26 ||    37
         Large rock        |       |       |       |     2 |    19 ||    21
 Invoke: Slimify           |       |       |       |       |     1 ||     1
  Evoke: Wand              |       |       |       |     2 |     5 ||     7
    Use: Potion            |       |     3 |     3 |     6 |     9 ||    21
         Scroll            |       |       |       |     3 |     5 ||     8
   Stab: Invisible         |       |       |       |       |     2 ||     2
         Distracted        |       |       |       |       |     1 ||     1
 Armour: Robe              |    11 |     3 |    14 |    42 |       ||    70
         Ice dragon scales |       |       |       |    12 |   153 ||   165
  Dodge: Dodged            |    18 |     6 |    25 |    92 |   183 ||   324

Table legend: (Time is in decaauts)
 A = Elapsed time spent in this place.
 B = Non-inter-level travel time spent in this place.
 C = Inter-level travel time spent in this place.
 D = Time resting spent in this place.
 E = Time spent auto-exploring this place.
 F = Levels seen in this place.
 G = Mean time per level.
                   A        B        C        D        E       F      G
               +--------+--------+--------+--------+--------+-----+--------+
         Total |   3013 |   2858 |    155 |    471 |     19 |   1 | 3013.0 |
       Dungeon |   3013 |   2858 |    155 |    471 |     19 |   1 | 3013.0 |
               +--------+--------+--------+--------+--------+-----+--------+

Top non-repeatable levels by time:
       D: 3013 daAuts
